AoeStats
← Ady9204

MegaRandom

509799216Analyzed
2v2 RM · 5d ago on Sep 28, 2026· 80m 4s· 4 players
Game mode
Random Map
Map size
Medium (4 player)
Population
200
Speed
Normal
Resources
Standard
Victory
Conquest
Starting age
Dark Age
Ending age
Imperial Age
RankedLock teamsTeams togetherTeam positionsShared explorationLock speedFull tech treeHidden civsTurbo modeCheats
Victory
Defeat
🇪🇨 Khmer · Ecuador
659
+43
🇲🇽 Bulgarians · Mexico
649
+20
🇲🇽 Romans · Mexico
744
-37
🇨🇴 Khitans · Colombia
738
-31
Rodart
10:50 Feudal Age
10:43 Loom
13:02 Double-Bit Axe
19:58 Castle Age
19:46 Stone Mining
19:47 Gold Mining
19:40 Horse Collar
21:28 Bow Saw
22:34 Stone Shaft Mining
22:35 Gold Shaft Mining
24:15 Scale Barding Armor
25:21 Wheelbarrow
27:34 Hand Cart
27:06 Town Watch
28:34 Heavy Plow
28:54 Town Patrol
30:47 Thumb Ring
33:08 Stirrups
35:44 Chain Barding Armor
35:36 Forging
38:52 Imperial Age
39:01 Elite Konnik
40:13 Parthian Tactics
40:26 Plate Barding Armor
40:27 Iron Casting
39:53 Padded Archer Armor
39:44 Fletching
40:07 Capped Ram
41:57 Siege Ram
46:01 Heavy Cavalry Archer
47:52 Husbandry
48:03 Bloodlines
48:56 Blast Furnace
47:52 Bodkin Arrow
48:13 Leather Archer Armor
50:00 Chemistry
49:20 Ballistics
49:08 Siege Engineers
49:07 Caravan
50:21 Bracer
73:14 Bagains
73:44 Cavalier
Daniel5ds
11:30 Feudal Age
11:50 Loom
14:00 Double-Bit Axe
17:17 Gold Mining
22:43 Castle Age
22:42 Bloodlines
22:24 Horse Collar
25:46 Fletching
25:52 Fletching
28:35 Ballistics
29:53 Padded Archer Armor
31:33 Bow Saw
34:27 Crossbowman
36:25 Bodkin Arrow
37:43 Masonry
37:29 Guard Tower
39:21 Heavy Plow
39:40 Leather Archer Armor
41:27 Pikeman
42:45 Forging
43:32 Arson
44:25 Iron Casting
45:50 Tusk Swords
45:54 Scale Mail Armor
46:00 Scale Barding Armor
50:03 Imperial Age
49:49 Chain Mail Armor
49:55 Chain Barding Armor
49:42 Husbandry
50:22 Murder Holes
52:23 Caravan
53:27 Blast Furnace
54:10 Bracer
55:05 Hoardings
55:20 Gold Shaft Mining
54:40 Stone Mining
55:02 Capped Ram
56:37 Ring Archer Armor
57:50 Wheelbarrow
57:57 Plate Barding Armor
57:54 Conscription
58:26 Crop Rotation
59:05 Halberdier
61:15 Chemistry
60:22 Siege Engineers
61:21 Hand Cart
61:03 Arbalester
63:50 Elite Battle Elephant
64:43 Siege Ram
69:14 Double Crossbow
CastWind6346
8:47 Loom
12:10 Feudal Age
12:40 Double-Bit Axe
13:06 Domestication
13:01 Man-at-Arms
14:46 Wheelbarrow
19:51 Castle Age
18:51 Scale Mail Armor
19:16 Forging
19:28 Stone Mining
23:13 Squires
23:05 Arson
23:40 Bow Saw
25:34 Iron Casting
25:15 Chain Mail Armor
25:55 Town Watch
27:07 Ballistics
27:20 Caravan
29:14 Masonry
35:15 Imperial Age
34:24 Lamellar Armor
34:23 Murder Holes
34:36 Husbandry
35:02 Scale Barding Armor
35:50 Elite Liao Dao
37:39 Pastoralism
38:06 Hand Cart
38:17 Chain Barding Armor
37:53 Elite Steppe Lancer
38:41 Fletching
41:33 Plate Mail Armor
41:39 Plate Barding Armor
42:25 Conscription
44:03 Elite Fire Lancer
47:16 Chemistry
46:36 Careening
46:35 Siege Engineers
47:10 Ordo Cavalry
49:03 Town Patrol
49:50 Gold Mining
53:37 Elite Skirmisher
56:09 Padded Archer Armor
56:05 Bodkin Arrow
56:37 Thumb Ring
58:26 Leather Archer Armor
60:10 Bracer
61:27 Light Cavalry
65:46 Hussar
Ady9204
2:47 Loom
12:52 Feudal Age
13:29 Town Watch
13:36 Horse Collar
16:27 Wheelbarrow
17:48 Double-Bit Axe
25:47 Castle Age
25:06 Forging
24:58 Scale Mail Armor
25:04 Scale Barding Armor
24:50 Fletching
25:52 Padded Archer Armor
27:44 Man-at-Arms
28:27 Squires
31:09 Hand Cart
31:56 Bow Saw
32:00 Long Swordsman
33:50 Ballistas
37:29 Caravan
38:00 Coinage
40:06 Chain Mail Armor
40:50 Town Patrol
42:22 Iron Casting
41:44 Bodkin Arrow
52:28 Imperial Age
55:11 Comitatenses
58:24 Blast Furnace
57:45 Chain Barding Armor
57:41 Leather Archer Armor
57:42 Elite Centurion
58:41 Heavy Scorpion
59:40 Legionary
60:38 Masonry
65:14 Ballistics
65:58 Chemistry
65:31 Architecture
70:45 Siege Engineers
70:36 Murder Holes
70:53 Fortified Wall
70:36 Guard Tower
79:43 Sappers
80:37 Conscription
Connection lost

Rejoining the realm…

Still unreachable

The connection could not be restored.

Session expired

The server has moved on; the page needs a fresh start.